 Dungeon Crawl Stone Soup version 0.23.2-1-ga50397a (webtiles) character file.

Game seed: 10459309438653164041

121774 keltmir the Thaumaturge (level 16, 0/127 HPs)
             Began as a Gnoll Skald on May 15, 2019.
             Was the Champion of Okawaru.
             Slain by a vampire mosquito (7 damage)
             ... on level 3 of the Swamp on May 16, 2019.
             The game lasted 02:50:16 (34476 turns).

keltmir the Thaumaturge (Gnoll Skald)              Turns: 34476, Time: 02:50:17

Health: 0/127      AC: 24    Str: 26    XL:     16   Next: 85%
Magic:  20/31      EV: 13    Int: 16    God:    Okawaru [******]
Gold:   1965       SH: 12    Dex: 21    Spells: 19/38 levels left

rFire    + . .     SeeInvis .   a - +3 demon trident (flame)
rCold    . . .     Gourm    .   R - +0 buckler
rNeg     + . .     Faith    .   g - +1 plate armour {rF+}
rPois    .         Spirit   .   (no helmet)
rElec    .         Reflect  +   K - +0 cloak
rCorr    +         Harm     .   C - +2 pair of gloves of Etazol {rN+ rCorr Str+7}
MR       +....                  c - +2 pair of boots
Stlth    +.........             F - +4 amulet of reflection
HPRegen  1.31/turn              T - +5 ring of dexterity
MPRegen  0.22/turn              e - ring of wizardry

@: grasped by roots, regenerating (expiring), slowed, constricted, very slow
A: distributed training, fangs 1, strong nose
a: Heroism, Finesse, Renounce Religion


You were on level 3 of the Swamp.
You worshipped Okawaru.
Okawaru was exalted by your worship.
You were not hungry.

You visited 4 branches of the dungeon, and saw 25 of its levels.
You also visited: Ice Cave and Volcano.

You collected 2466 gold pieces.
You spent 501 gold pieces at shops.

Inventory:

Hand Weapons
 a - a +3 demon trident of flaming (weapon)
Missiles
 n - 7 silver javelins
 P - 8 poisoned javelins
 X - a steel javelin (quivered)
Armour
 c - a +2 pair of boots (worn)
 g - a +1 plate armour of fire resistance (worn)
 C - the +2 pair of gloves of Etazol (worn) {rN+ rCorr Str+7}
   (You found it in an ice cave)

   It affects your strength (+7).
   It protects you from negative energy.
   It provides partial protection from all sources of acid and corrosion.
 J - the +1 chain mail of Minor Irritation {MR+ SInv}
   (Okawaru gifted it to you on level 5 of the Lair of Beasts)

   It affects your resistance to hostile enchantments.
   It lets you see invisible.
 K - a +0 cloak (worn)
 R - a +0 buckler (worn)
Jewellery
 e - a ring of wizardry (right hand)
 j - an uncursed ring of poison resistance
 o - an uncursed ring of positive energy
 D - an uncursed ring of resist corrosion
 E - an uncursed ring of ice
 F - a +4 amulet of reflection (around neck)
 T - a +5 ring of dexterity (left hand)
Wands
 b - a wand of digging (6)
 w - a wand of disintegration (17)
 B - a wand of paralysis (6)
 M - a wand of iceblast (37)
 S - a wand of polymorph (19)
 U - a wand of flame (53)
 Z - a wand of enslavement (4)
Scrolls
 i - 4 scrolls of enchant armour
 k - 7 scrolls of fog
 q - 3 scrolls of teleportation
 r - 6 scrolls of amnesia
 u - 13 scrolls of remove curse
 x - 2 scrolls of acquirement
 y - a scroll of silence
 A - 2 scrolls of enchant weapon
 H - a scroll of magic mapping
 I - 3 scrolls of fear
 Q - 2 scrolls of identify
Potions
 h - 7 potions of curing
 l - 4 potions of might
 m - 3 potions of cancellation
 p - 2 potions of magic
 s - 4 potions of agility
 t - a potion of haste
 v - 6 potions of lignification
 z - 3 potions of mutation
 G - 3 potions of flight
 L - 2 potions of berserk rage
 N - 2 potions of invisibility
 W - 2 potions of brilliance
Miscellaneous
 f - a phantom mirror
Comestibles
 d - 46 rations


   Skills:
 + Level 11.7 Fighting
 + Level 10.9 Short Blades
 + Level 10.9 Long Blades
 + Level 10.9 Axes
 + Level 10.9 Maces & Flails
 + Level 11.7 Polearms
 + Level 10.9 Staves
 + Level 10.9 Slings
 + Level 10.9 Bows
 + Level 10.9 Crossbows
 + Level 10.9 Throwing
 + Level 11.2 Armour
 + Level 11.7 Dodging
 + Level 10.9 Stealth
 + Level 10.9 Shields
 + Level 10.9 Unarmed Combat
 + Level 11.9 Spellcasting
 + Level 9.3 Conjurations
 + Level 9.3 Hexes
 + Level 10.7 Charms
 + Level 9.3 Summonings
 + Level 9.3 Necromancy
 + Level 9.3 Translocations
 + Level 9.3 Transmutations
 + Level 9.3 Fire Magic
 + Level 9.3 Ice Magic
 + Level 9.3 Air Magic
 + Level 9.3 Earth Magic
 + Level 9.3 Poison Magic
 + Level 11.8 Invocations
 + Level 10.9 Evocations


You had 19 spell levels left.
You knew the following spells:

 Your Spells              Type           Power        Failure   Level  Hunger
a - Song of Slaying       Chrm           #####...     1%          2    None
b - Spectral Weapon       Hex/Chrm       #####...     1%          3    None
c - Shroud of Golubria    Chrm/Tloc      #####.....   1%          2    None
d - Regeneration          Chrm/Necr      #####.....   1%          3    None
e - Dazzling Spray        Conj/Hex       #####.       1%          3    None
f - Force Lance           Conj/Tloc      #####...     6%          4    ##.....
g - Blink                 Tloc           N/A          1%          2    None

Your spell library contained the following spells:

 Spells                   Type           Power        Failure   Level  Hunger
 Infusion                 Chrm           ####         1%          1    None
 Magic Dart               Conj           ####         1%          1    None
 Call Imp                 Summ           #####...     1%          2    None
 Searing Ray              Conj           #####.       1%          2    None
 Slow                     Hex            #####...     1%          2    None
 Conjure Flame            Conj/Fire      #####...     1%          3    None
 Mephitic Cloud           Conj/Pois/Air  #####...     1%          3    None
 Recall                   Summ/Tloc      N/A          1%          3    None
 Animate Dead             Necr           N/A          6%          4    ##.....
 Fulminant Prism          Conj/Hex       #####.....   6%          4    ##.....
 Iskenderun's Mystic Bla  Conj           #####...     6%          4    ##.....
 Borgnjor's Vile Clutch   Necr/Erth      #####.....   16%         5    #####..
 Death Channel            Necr           #####.....   61%         6    ######.
 Simulacrum               Ice/Necr       #####.....   61%         6    ######.


Dungeon Overview and Level Annotations

Branches:
Dungeon (15/15)            Temple (1/1) D:4            Lair (6/6) D:10
  Swamp (3/4) Lair:4       Spider (0/4) Lair:4        Slime (0/5) Lair:5
    Orc (0/2) D:10         Vaults (0/5) D:13         Depths (0/5) D:15

Altars:
Ashenzari
Cheibriados
Dithmenos
Elyvilon
Fedhas
Gozag
Hepliaklqana
Kikubaaqudgha
Makhleb
Nemelex Xobeh
Okawaru
Qazlal
Ru
Sif Muna
Uskayaw
Vehumet
Wu Jian
Xom
Yredelemnul
Zin
The Shining One
Beogh
Jiyva

Shops:
D:9 [

Annotations:
D:8 2 transporters, bmj180's ghost, novice TrMo
Lair:4 exclusion: 3 oklob plants


Innate Abilities, Weirdness & Mutations

Your experience applies equally to all skills.
You have very sharp teeth.
Your uncanny sense of smell can sniff out nearby items.


Message History

The vampire mosquito misses you.
You puncture the spiny frog zombie! You burn the spiny frog zombie.
The spiny frog zombie is almost destroyed.
Your spectral weapon hits the spiny frog zombie but does no damage.
You block the vampire mosquito's attack.
The vampire mosquito bites you but does no damage.
The vampire mosquito closely misses you.
* * * LOW HITPOINT WARNING * * *
The grasping roots constrict you!
You block the vampire mosquito's attack.
The spiny frog zombie hits you but does no damage.
As you read the scroll of fear, it crumbles to dust.
You assume a fearsome visage.
The spiny frog zombie is unaffected.
Your spectral weapon is unaffected.
The shambling mangrove is unaffected.
The vampire mosquito is unaffected. x3
The vampire mosquito closely misses you.
You block the vampire mosquito's attack.
The vampire mosquito bites you but does no damage.
The vampire mosquito barely misses you. The vampire mosquito bites you!
You die...

*≈≈≈**,≈,,≈****≈≈≈≈≈≈
****≈**≈≈,,**≈*****≈≈
****≈≈≈*,**≈≈**≈*≈*
*≈**,≈≈*+**≈,**+*+*
***,,≈≈≈≈≈≈,≈≈≈,,,,
*,≈≈≈≈≈≈≈≈≈≈≈≈,,,
**+*≈*+**≈≈**≈*≈*
♣♣##≈*≈*≈**≈≈**≈*≈*
♣♣y@###****≈≈**#####
♣.yyZ≈♣.♣♣**≈≈≈♣≈≈..
*♣≈..(f.§.≈♣≈,≈♣♣≈.≈≈
♣.≈.≈≈..≈≈.≈,,.≈.....
♣..≈≈≈....≈.,,≈.≈.≈≈≈
*♣.§.≈≈...≈.≈,,≈.≈≈≈..
*.≈≈...≈≈.≈≈≈,≈..≈≈...
♣♣≈≈.≈..≈..≈≈,≈......♣
♣....≈...≈.≈,≈..≈....


You could see a shambling mangrove, 3 vampire mosquitoes, a spiny frog zombie
and a friendly spectral +3 demon trident of flaming.

Vanquished Creatures
  A tentacled monstrosity (Swamp:1)
  Kirke (D:12)
  Azrael (D:15)
  2 blizzard demons (IceCv)
  A fire dragon (Volcano)
  2 ice dragons (D:15)
  12 hydras
  A vault guard (D:13)
  Harold (D:7)
  2 shambling mangroves
  A merfolk avatar (Lair:6)
  A ghost crab (Swamp:2)
  2 catoblepae
  An ogre mage (D:15)
  A centaur warrior (D:13)
  14 two-headed ogres
  A tengu warrior (D:13)
  3 alligators
  3 death yaks
  6 spriggans
  Sonja (Lair:1)
  A sea snake (Lair:6)
  2 unseen horrors
  A harpy (Lair:6)
  Pikel (D:3)
  A swamp dragon (Swamp:2)
  2 orc knights
  A deep elf mage (D:13)
  10 slime creatures
  3 manticores
  3 salamanders (Volcano)
  8 elephants
  A centaur zombie (D:13)
  An ice statue (IceCv)
  Maurice (D:9)
  8 black mambas
  A guardian serpent (shapeshifter) (D:13)
  4 torpor snails
  Psyche (D:12)
  A gargoyle (D:15)
  17 spiny frogs
  8 rime drakes
  5 kobold demonologists
  11 komodo dragons
  5 yaktaurs (D:12)
  An anaconda simulacrum (IceCv)
  8 ice devils (IceCv)
  2 freezing wraiths (IceCv)
  2 golden dragon simulacra (IceCv)
  5 trolls
  6 polar bears
  A wolf spider simulacrum (IceCv)
  3 meliai (D:14)
  10 tyrant leeches
  A wind drake (Lair:6)
  13 hornets
  4 bog bodies
  11 blink frogs
  11 hippogriffs
  Sigmund (D:2)
  2 dire elephant simulacra (IceCv)
  2 vampires
  A shadow (Swamp:3)
  5 hogs (D:12)
  4 fire bats (Volcano)
  4 wyverns
  70 yaks
  2 basilisks
  3 fire elementals (D:15)
  6 vampire mosquitoes
  2 steam dragons
  3 hungry ghosts
  7 harpy simulacra (IceCv)
  4 iron troll simulacra (IceCv)
  10 insubstantial wisps
  A soldier ant (D:13)
  An acid dragon (D:12)
  8 swamp worms
  15 water moccasins
  5 hell hounds
  3 hydra simulacra (IceCv)
  11 porcupines
  13 swamp drakes
  13 orc warriors
  2 sky beasts (D:13)
  An eye of draining (D:13)
  3 ice beasts
  3 slaves (D:3)
  2 phantoms
  2 black bears
  2 necrophages
  11 centaurs
  15 ogres
  20 crocodiles
  5 big kobolds
  22 bullfrogs
  4 scorpions
  11 wights
  10 killer bees
  An elephant simulacrum (IceCv)
  4 howler monkeys
  13 crimson imps
  2 bullfrog zombies (D:12)
  5 jellies
  2 draconian simulacra (IceCv)
  11 orc priests
  9 hounds
  12 orc wizards
  8 centaur skeletons
  4 bullfrog skeletons
  8 worker ants
  7 iguanas
  A hell rat (D:10)
  3 troll simulacra (IceCv)
  2 centaur simulacra (IceCv)
  A hound zombie (D:11)
  A worker ant zombie (D:9)
  A howler monkey skeleton (D:6)
  6 gnolls
  6 adders
  5 naga simulacra (IceCv)
  3 ogre simulacra (IceCv)
  4 shadow imps
  5 white imps (IceCv)
  6 ufetubi (IceCv)
  3 oozes
  2 adder skeletons
  An adder zombie (D:9)
  3 worms
  2 dart slugs
  12 leopard geckos
  72 orcs
  6 bats
  7 giant cockroaches
  14 goblins
  4 hobgoblins
  3 jackals (D:9)
  3 quokkas
  A ball python (D:3)
  5 frilled lizards
  30 kobolds
  A quokka skeleton (D:7)
  5 rats
  2 fungi
  7 plants (Volcano)
  A spectral weapon (Swamp:1)
856 creatures vanquished.

Vanquished Creatures (others)
  Nessos (D:13)
  A two-headed ogre (Volcano)
  A manticore (D:13)
  A cyclops (D:14)
  A centaur skeleton (D:15)
  A hornet (Swamp:2)
  A wyvern (Volcano)
  An insubstantial wisp (Swamp:2)
  6 centaurs
  2 orcs (D:4)
  2 kobolds
  4 fungi (Lair:6)
  62 plants
  47 spectral weapons
131 creatures vanquished.

Grand Total: 987 creatures vanquished

Notes
Turn   | Place    | Note
-------+----------+-------------------------------------------
     0 | D:1      | keltmir the Gnoll Skald began the quest for the Orb.
     0 | D:1      | Reached XP level 1. HP: 20/20 MP: 6/6
    31 | D:1      | Reached XP level 2. HP: 10/26 MP: 0/7
   404 | D:1      | Reached XP level 3. HP: 24/31 MP: 2/9
   407 | D:1      | Reached skill level 5 in Spellcasting
   770 | D:1      | Reached skill level 1 in Invocations
   983 | D:2      | Reached skill level 1 in Short Blades
   983 | D:2      | Reached skill level 1 in Long Blades
   983 | D:2      | Reached skill level 1 in Axes
   983 | D:2      | Reached skill level 1 in Maces & Flails
   983 | D:2      | Reached skill level 1 in Staves
   983 | D:2      | Reached skill level 1 in Slings
   983 | D:2      | Reached skill level 1 in Bows
   983 | D:2      | Reached skill level 1 in Crossbows
   983 | D:2      | Reached skill level 1 in Throwing
   983 | D:2      | Reached skill level 1 in Stealth
   983 | D:2      | Reached skill level 1 in Shields
   983 | D:2      | Reached skill level 1 in Unarmed Combat
   983 | D:2      | Reached skill level 1 in Evocations
  1020 | D:2      | Learned a level 3 spell: Spectral Weapon
  1057 | D:2      | Noticed Sigmund
  1385 | D:2      | Reached XP level 4. HP: 33/38 MP: 7/11
  1434 | D:2      | Found a radiant altar of Vehumet.
  1546 | D:3      | You fall through a shaft for 3 floors!
  1556 | D:6      | Noticed an ogre
  1565 | D:5      | Entered Level 5 of the Dungeon
  1569 | D:5      | Reached skill level 1 in Conjurations
  1569 | D:5      | Reached skill level 1 in Hexes
  1569 | D:5      | Reached skill level 1 in Summonings
  1569 | D:5      | Reached skill level 1 in Necromancy
  1569 | D:5      | Reached skill level 1 in Translocations
  1569 | D:5      | Reached skill level 1 in Transmutations
  1569 | D:5      | Reached skill level 1 in Fire Magic
  1569 | D:5      | Reached skill level 1 in Ice Magic
  1569 | D:5      | Reached skill level 1 in Air Magic
  1569 | D:5      | Reached skill level 1 in Earth Magic
  1569 | D:5      | Reached skill level 1 in Poison Magic
  1671 | D:5      | Reached XP level 5. HP: 42/43 MP: 6/12
  1813 | D:4      | Noticed a slave
  1813 | D:4      | Noticed a slave
  1815 | D:4      | Noticed Pikel
  1996 | D:3      | Found an opulent altar of Gozag.
  2554 | D:3      | Found a shimmering altar of Xom.
  2555 | D:3      | Found a burning altar of Makhleb.
  2757 | D:4      | Noticed a slave
  2774 | D:3      | Killed a slave
  2868 | D:4      | Noticed a slave
  2882 | D:3      | Killed a slave
  3150 | D:4      | Reached XP level 6. HP: 14/50 MP: 6/13
  3460 | D:3      | Killed a slave
  3678 | D:4      | Found a staircase to the Ecumenical Temple.
  3920 | D:4      | Reached skill level 5 in Fighting
  3920 | D:4      | Reached skill level 5 in Polearms
  3920 | D:4      | Reached skill level 5 in Dodging
  4244 | D:4      | Found a sacrificial altar of Ru.
  4320 | Temple   | Entered the Ecumenical Temple
  4359 | Temple   | Became a worshipper of Warmaster Okawaru
  4457 | D:5      | Found an ornate altar of the Wu Jian Council.
  4668 | D:5      | Reached XP level 7. HP: 34/56 MP: 4/15
  4944 | D:5      | Reached * piety under Okawaru
  5396 | D:2      | Killed Sigmund
  5485 | D:3      | Learned a level 2 spell: Shroud of Golubria
  5516 | D:3      | Killed Pikel
  5516 | D:3      | Reached ** piety under Okawaru
  5516 | D:3      | Reached XP level 8. HP: 49/63 MP: 1/17
  6513 | D:7      | Reached XP level 9. HP: 62/69 MP: 14/18
  6630 | D:7      | Reached *** piety under Okawaru
  6740 | D:7      | Found a glowing golden altar of the Shining One.
  6958 | D:7      | Noticed Harold
  6984 | D:7      | Killed Harold
  6984 | D:7      | Reached **** piety under Okawaru
  6984 | D:7      | Reached skill level 5 in Armour
  6984 | D:7      | Reached skill level 5 in Invocations
  7224 | D:8      | Noticed a two-headed ogre
  7410 | D:8      | Found a transporter.
  7410 | D:8      | Noticed bmj180's ghost (novice TrMo)
  7410 | D:8      | Noticed a harpy
  7415 | D:8      | Found a transporter.
  7444 | D:8      | Reached XP level 10. HP: 38/77 MP: 20/20
  7636 | D:8      | Found a white marble altar of Elyvilon.
  7672 | D:8      | Learned a level 3 spell: Regeneration
  7676 | D:8      | Learned a level 3 spell: Dazzling Spray
  7681 | D:8      | Learned a level 4 spell: Force Lance
  7867 | D:8      | Killed a two-headed ogre
  7867 | D:8      | Reached skill level 5 in Short Blades
  7867 | D:8      | Reached skill level 5 in Long Blades
  7867 | D:8      | Reached skill level 5 in Axes
  7867 | D:8      | Reached skill level 5 in Maces & Flails
  7867 | D:8      | Reached skill level 5 in Staves
  7867 | D:8      | Reached skill level 5 in Slings
  7867 | D:8      | Reached skill level 5 in Bows
  7867 | D:8      | Reached skill level 5 in Crossbows
  7867 | D:8      | Reached skill level 5 in Throwing
  7867 | D:8      | Reached skill level 5 in Stealth
  7867 | D:8      | Reached skill level 5 in Shields
  7867 | D:8      | Reached skill level 5 in Unarmed Combat
  7867 | D:8      | Reached skill level 5 in Evocations
  7891 | D:8      | Reached ***** piety under Okawaru
  7974 | D:8      | Found a hide-covered altar of Uskayaw.
  8066 | D:8      | Found a stormy altar of Qazlal.
  8066 | D:8      | Found a shattered altar of Ashenzari.
  8152 | D:8      | Found a hazy altar of Hepliaklqana.
  8158 | D:8      | Found an ancient bone altar of Kikubaaqudgha.
  8381 | D:9      | Found Poxaargh's Armour Emporium.
  8397 | D:9      | Bought a +2 ring mail of poison resistance for 306 gold
                  | pieces
  8397 | D:9      | Bought a +0 pair of gloves of strength for 195 gold pieces
  8428 | D:9      | Noticed Maurice
  8774 | D:9      | Received a gift from Okawaru
  8912 | D:9      | Killed Maurice
  9109 | D:9      | Noticed a two-headed ogre
  9118 | D:9      | Killed a two-headed ogre
  9118 | D:9      | Received a gift from Okawaru
  9384 | D:9      | Reached XP level 11. HP: 84/84 MP: 18/22
  9616 | D:10     | Entered Level 10 of the Dungeon
  9645 | D:10     | Noticed a death yak
  9667 | D:10     | HP: 2/84 [death yak (17)]
  9670 | D:10     | Killed a death yak
  9670 | D:10     | Received a gift from Okawaru
  9894 | D:10     | Found a staircase to the Lair.
  9900 | D:10     | Noticed a death yak
  9942 | D:9      | Killed a death yak
 10113 | D:10     | Reached skill level 5 in Conjurations
 10113 | D:10     | Reached skill level 5 in Hexes
 10113 | D:10     | Reached skill level 5 in Summonings
 10113 | D:10     | Reached skill level 5 in Necromancy
 10113 | D:10     | Reached skill level 5 in Translocations
 10113 | D:10     | Reached skill level 5 in Transmutations
 10113 | D:10     | Reached skill level 5 in Fire Magic
 10113 | D:10     | Reached skill level 5 in Ice Magic
 10113 | D:10     | Reached skill level 5 in Air Magic
 10113 | D:10     | Reached skill level 5 in Earth Magic
 10113 | D:10     | Reached skill level 5 in Poison Magic
 10279 | D:10     | Noticed a death yak
 10343 | D:10     | Killed a death yak
 10651 | D:10     | Found a staircase to the Orcish Mines.
 11054 | D:11     | HP: 4/86 [something (6)]
 11066 | D:11     | Received a gift from Okawaru
 11394 | D:11     | Found a roughly hewn altar of Beogh.
 11394 | D:11     | Noticed an orc knight
 11532 | Lair:1   | Entered Level 1 of the Lair of Beasts
 11539 | Lair:1   | Noticed Sonja
 11540 | Lair:1   | Killed Sonja
 11633 | Lair:1   | Got a slimy ring mail
 11644 | Lair:1   | Identified the +2 ring mail "Yggaptoj" {*Slow MR+ Dex+4}
                  | (You found it on level 1 of the Lair of Beasts)
 11895 | Lair:1   | Reached XP level 12. HP: 89/93 MP: 22/24
 12253 | Lair:1   | Learned a level 2 spell: Blink
 12838 | Lair:2   | Found a hide-covered altar of Uskayaw.
 12989 | Lair:2   | Received a gift from Okawaru
 13849 | Lair:3   | Reached ****** piety under Okawaru
 13986 | Lair:3   | Received a gift from Okawaru
 14412 | Lair:3   | Received a gift from Okawaru
 14813 | Lair:3   | Received a gift from Okawaru
 14937 | Lair:3   | Noticed an eight-headed hydra
 15179 | Lair:3   | Reached XP level 13. HP: 101/101 MP: 23/26
 15913 | Lair:4   | Found a hole to the Spider Nest.
 15990 | Lair:4   | Found a shattered altar of Ashenzari.
 16195 | Lair:4   | Received a gift from Okawaru
 16584 | Lair:4   | Found a staircase to the Swamp.
 17078 | Lair:5   | Found a dark tunnel.
 17130 | Volcano  | Entered a volcano
 17613 | Volcano  | Received a gift from Okawaru
 18210 | Volcano  | Noticed a fire dragon
 18229 | Volcano  | Killed a fire dragon
 18733 | Lair:5   | Found a viscous altar of Jiyva.
 18734 | Lair:5   | Found a staircase to the Slime Pits.
 18802 | Lair:6   | Entered Level 6 of the Lair of Beasts
 18816 | Lair:6   | Reached skill level 10 in Spellcasting
 18873 | Lair:6   | Reached XP level 14. HP: 79/109 MP: 15/28
 19106 | Lair:6   | Reached skill level 10 in Fighting
 19106 | Lair:6   | Reached skill level 10 in Polearms
 19106 | Lair:6   | Reached skill level 10 in Dodging
 19197 | Lair:6   | Received a gift from Okawaru
 19720 | Lair:6   | Reached skill level 10 in Invocations
 20082 | Lair:6   | Found the +9 heavy crossbow "Sniper" {velocity, Acc+∞ SInv}
 20726 | Lair:5   | Received a gift from Okawaru
 20727 | Lair:5   | Got a jet-encrusted chain mail {god gift}
 20790 | Lair:5   | Identified the +1 chain mail of Minor Irritation {MR+ SInv}
                  | (Okawaru gifted it to you on level 5 of the Lair of Beasts)
 21715 | D:12     | Reached XP level 15. HP: 88/117 MP: 21/29
 21984 | D:12     | Reached skill level 10 in Armour
 22128 | D:12     | Noticed Kirke
 22146 | D:12     | Killed Kirke
 22211 | D:12     | Noticed Psyche
 22236 | D:12     | Killed Psyche
 22393 | D:12     | You fall through a shaft for 3 floors!
 22393 | D:15     | Entered Level 15 of the Dungeon
 22472 | D:15     | Noticed Azrael
 23162 | D:14     | Found a white marble altar of Elyvilon.
 24222 | D:13     | Reached skill level 10 in Charms
 24321 | D:13     | Received a gift from Okawaru
 24588 | D:13     | Reached skill level 10 in Short Blades
 24588 | D:13     | Reached skill level 10 in Long Blades
 24588 | D:13     | Reached skill level 10 in Axes
 24588 | D:13     | Reached skill level 10 in Maces & Flails
 24588 | D:13     | Reached skill level 10 in Staves
 24588 | D:13     | Reached skill level 10 in Slings
 24588 | D:13     | Reached skill level 10 in Bows
 24588 | D:13     | Reached skill level 10 in Crossbows
 24588 | D:13     | Reached skill level 10 in Throwing
 24588 | D:13     | Reached skill level 10 in Stealth
 24588 | D:13     | Reached skill level 10 in Shields
 24588 | D:13     | Reached skill level 10 in Unarmed Combat
 24588 | D:13     | Reached skill level 10 in Evocations
 24648 | D:13     | Noticed Nessos
 24654 | D:13     | Killed Nessos
 25357 | D:13     | Found a gate to the Vaults.
 26398 | D:15     | Killed Azrael
 26576 | D:14     | Received a gift from Okawaru
 26607 | D:14     | Identified a scroll of acquirement
 27033 | D:15     | Found a staircase to the Depths.
 27449 | D:15     | Reached XP level 16. HP: 117/125 MP: 22/31
 27484 | D:15     | Learned a level 2 spell: Song of Slaying
 27857 | Swamp:1  | Entered Level 1 of the Swamp
 29384 | Swamp:1  | Noticed a tentacled monstrosity
 29404 | Swamp:1  | Killed a tentacled monstrosity
 30148 | Swamp:2  | Found a frozen archway.
 30188 | IceCv    | Entered an ice cave
 30904 | IceCv    | Received a gift from Okawaru
 30916 | IceCv    | HP: 3/126 [iron troll simulacrum (17)]
 31574 | IceCv    | Got a pair of brightly glowing gloves
 31585 | IceCv    | Identified the +2 pair of gloves of Etazol {rN+ rCorr
                  | Str+7} (You found it in an ice cave)
 33308 | Swamp:2  | You fall through a shaft!
 34475 | Swamp:3  | HP: 5/127 [shambling mangrove (13)]
 34476 | Swamp:3  | Slain by a vampire mosquito

Skill      XL: |  1  2  3  4  5  6  7  8  9 10 11 12 13 14 15 16 |
---------------+-------------------------------------------------+-----
Spellcasting   | 5 6 7 8 9 10 11 | 11.9
Invocations    | 1 2 3 4 5 6 7 8 9 10 11 | 11.8
Short Blades   | 1 2 3 4 5 6 7 8 9 10 | 10.9
Long Blades    | 1 2 3 4 5 6 7 8 9 10 | 10.9
Axes           | 1 2 3 4 5 6 7 8 9 10 | 10.9
Maces & Flails | 1 2 3 4 5 6 7 8 9 10 | 10.9
Staves         | 1 2 3 4 5 6 7 8 9 10 | 10.9
Slings         | 1 2 3 4 5 6 7 8 9 10 | 10.9
Bows           | 1 2 3 4 5 6 7 8 9 10 | 10.9
Crossbows      | 1 2 3 4 5 6 7 8 9 10 | 10.9
Throwing       | 1 2 3 4 5 6 7 8 9 10 | 10.9
Stealth        | 1 2 3 4 5 6 7 8 9 10 | 10.9
Shields        | 1 2 3 4 5 6 7 8 9 10 | 10.9
Unarmed Combat | 1 2 3 4 5 6 7 8 9 10 | 10.9
Evocations     | 1 2 3 4 5 6 7 8 9 10 | 10.9
Conjurations   | 1 2 3 4 5 6 7 8 9 |  9.3
Hexes          | 1 2 3 4 5 6 7 8 9 |  9.3
Summonings     | 1 2 3 4 5 6 7 8 9 |  9.3
Necromancy     | 1 2 3 4 5 6 7 8 9 |  9.3
Translocations | 1 2 3 4 5 6 7 8 9 |  9.3
Transmutations | 1 2 3 4 5 6 7 8 9 |  9.3
Fire Magic     | 1 2 3 4 5 6 7 8 9 |  9.3
Ice Magic      | 1 2 3 4 5 6 7 8 9 |  9.3
Air Magic      | 1 2 3 4 5 6 7 8 9 |  9.3
Earth Magic    | 1 2 3 4 5 6 7 8 9 |  9.3
Poison Magic   | 1 2 3 4 5 6 7 8 9 |  9.3
Armour         | 3 4 5 6 7 8 9 10 11 | 11.2
Fighting       | 5 6 7 8 9 10 11 | 11.7
Polearms       | 5 6 7 8 9 10 11 | 11.7
Dodging        | 5 6 7 8 9 10 11 | 11.7
Charms         | 6 7 8 9 10 | 10.7

Action                   |  1- 3 |  4- 6 |  7- 9 | 10-12 | 13-15 | 16-18 || total
-------------------------+-------+-------+-------+-------+-------+-------++-------
Melee: Spear             |   113 |   187 |       |       |       |       ||   300
       Bite              |     6 |    17 |    14 |    70 |   178 |    82 ||   367
       Punch             |       |     2 |     3 |     8 |       |       ||    13
       Trident           |       |       |    96 |       |       |       ||    96
       Hand axe          |       |       |    50 |   490 |   192 |       ||   732
       Demon trident     |       |       |       |       |  1052 |   551 ||  1603
       Whip              |       |       |       |       |    11 |       ||    11
 Fire: Blowgun           |       |       |       |       |    15 |       ||    15
Throw: Javelin           |       |       |    27 |    16 |    41 |     9 ||    93
       Tomahawk          |       |       |     9 |    56 |     8 |       ||    73
 Cast: Infusion          |     7 |    16 |     7 |       |       |       ||    30
       Spectral Weapon   |       |    15 |    18 |    52 |   106 |    38 ||   229
       Shroud of Golubri |       |       |     2 |       |       |       ||     2
       Dazzling Spray    |       |       |       |    36 |    21 |     5 ||    62
       Regeneration      |       |       |       |    21 |    31 |    21 ||    73
       Blink             |       |       |       |     1 |     1 |    18 ||    20
       Song of Slaying   |       |       |       |       |       |     3 ||     3
Invok: Finesse           |       |       |       |       |     1 |     1 ||     2
       Heroism           |       |       |       |       |     1 |       ||     1
Evoke: Wand              |       |       |       |     1 |     1 |       ||     2
  Use: Scroll            |     4 |     5 |     2 |     2 |    17 |     7 ||    37
       Potion            |       |     2 |     1 |     3 |     2 |     4 ||    12
 Stab: Sleeping          |       |     2 |     2 |     8 |     4 |       ||    16
       Distracted        |       |       |     1 |     4 |    10 |     6 ||    21
       Invisible         |       |       |       |     7 |    11 |       ||    18
       Confused          |       |       |       |       |       |     2 ||     2
  Eat: Chunk             |     1 |    11 |     8 |    25 |    42 |    13 ||   100
       Ration            |       |       |     1 |     1 |       |     4 ||     6
Armor: Leather armour    |    23 |    32 |    20 |    11 |       |       ||    86
       Ring mail         |       |       |       |   112 |    47 |       ||   159
       Plate armour      |       |       |       |       |   330 |   254 ||   584
       Chain mail        |       |       |       |       |    19 |     2 ||    21
Dodge: Dodged            |    66 |   110 |   106 |   312 |   510 |   263 ||  1367
Block: Other             |       |       |       |    29 |       |       ||    29
       Reflection        |       |       |       |     2 |    41 |     5 ||    48
       Buckler           |       |       |       |   100 |   580 |   291 ||   971
